 Dungeon Crawl Stone Soup version 0.25.1-2-g60ff931df9 (webtiles) character file.

Game seed: 8610842133500881230

49 Martska the Poker (level 3, -1/34 HPs)
             Began as a Naga Warper on Oct 11, 2020.
             Slain by an ooze (3 damage)
             ... on level 2 of the Dungeon.
             The game lasted 00:02:13 (1560 turns).

Martska the Poker (Naga Warper)                     Turns: 1560, Time: 00:02:14

Health: -1/34      AC:  2    Str: 19 (20) XL:     3   Next: 77%
Magic:  6/6        EV:  9    Int: 10 (13) God:
Gold:   113        SH:  0    Dex:  8 (10) Spells: 6/6 levels left

rFire    . . .     SeeInvis +   a - +0 spear
rCold    . . .     Gourm    .   (no shield)
rNeg     . . .     Faith    .   b - +0 leather armour
rPois    +         Spirit   .   (no helmet)
rElec    .         Reflect  .   (no cloak)
rCorr    .         Harm     .   (no gloves)
MR       .....                  (no barding)
Stlth    +.........             (no amulet)
HPRegen  0.11/turn              l - +6 ring of strength
MPRegen  0.10/turn              (no ring)

@: very slow
A: large, see invisible, deformed body, poison resistance, slowness 2, slow
metabolism 1, spit poison 1, AC +1
a: Spit Poison


You were on level 2 of the Dungeon.
You were not hungry.

You visited 1 branch of the dungeon, and saw 2 of its levels.

You collected 113 gold pieces.

Inventory:

Hand Weapons
 a - a +0 spear (weapon)
Missiles
 e - 5 boomerangs of dispersal (quivered)
Armour
 b - a +0 leather armour (worn)
Jewellery
 g - an uncursed amulet of the acrobat {unknown}
 l - a +6 ring of strength (left hand)
Scrolls
 c - 3 scrolls of identify {unknown}
 k - a scroll of amnesia {unknown}
Potions
 i - a potion of stabbing {unknown}
 j - a potion of flight {unknown}
 m - a potion of mutation {unknown}
Comestibles
 f - 4 rations


   Skills:
 * Level 3.1 Fighting
 * Level 3.1 Polearms
 - Level 0.8 Throwing
 - Level 0.7 Armour
 - Level 1.5 Dodging
 - Level 2.0 Spellcasting
   Level 3.0 Translocations


You had 6 spell levels left.
You didn't know any spells.
Your spell library contained the following spells:

 Spells                   Type           Power        Failure   Level  Hunger
 Blink                    Tloc           N/A          16%         2    ###....
 Shroud of Golubria       Chrm/Tloc      #.....       30%         2    ###....
 Gell's Gravitas          Tloc           #.........   32%         3    ####...
 Lesser Beckoning         Tloc           #.........   32%         3    ####...
 Teleport Other           Tloc           #.......     32%         3    ####...
 Passage of Golubria      Tloc           N/A          71%         4    #####..


Dungeon Overview and Level Annotations

Branches:
Dungeon (2/15)

Altars:


Innate Abilities, Weirdness & Mutations

You cannot wear boots.
Your serpentine skin is tough. (AC +1)
You have supernaturally acute eyesight. (SInv)
Armour fits poorly on your strangely shaped body.
Your system is resistant to poisons. (rPois)
You cover ground very slowly.
You have a slow metabolism.
You can spit poison.


Message History

Okay, then.
You have got your breath back.
The ooze hits you. The ooze hits you.
* * * LOW HITPOINT WARNING * * *
You see here a stone.
The ooze hits you.
* * * LOW HITPOINT WARNING * * *
There is an open door here.
You drop a scroll of blinking.
The ooze hits you.
* * * LOW HITPOINT WARNING * * *
Drop what? 12/52 slots (_ for help) (? for menu, Esc to quit)
Okay, then.
It was a potion of degeneration.
There was something very wrong with that liquid.
You feel weakened.
You feel dopey.
You feel clumsy. The ooze barely misses you.
The ooze jiggles.
The ooze hits you.
You die...

#÷.÷..JJP.
#.PJJ.P...
#..JPJ..÷.
#'#######
##.J.JJ.##
########J#
#....J.J##
#...J####
#...@...#
#.......#
#.......#
#.......#
##.....## #.
##...## #.#
##'''## #.#
#.(...#
#.#####).###


You could see 2 oozes.

Vanquished Creatures
  An ooze (D:1)
  2 dart slugs (D:1)
  2 leopard geckos (D:1)
  A ball python (D:1)
  8 bats (D:1)
  A giant cockroach (D:1)
  2 hobgoblins (D:1)
  2 jackals (D:1)
  2 frilled lizards (D:1)
  3 goblins
  11 kobolds
  3 rats
38 creatures vanquished.

Vanquished Creatures (others)
  A fungus (D:2)
  8 toadstools (D:2)
9 creatures vanquished.

Grand Total: 47 creatures vanquished

Notes
Turn   | Place    | Note
-------+----------+-------------------------------------------
     0 | D:1      | Martska the Naga Warper began the quest for the Orb.
     0 | D:1      | Reached XP level 1. HP: 19/19 MP: 3/3
   190 | D:1      | Reached XP level 2. HP: 22/27 MP: 5/5
   480 | D:1      | Reached XP level 3. HP: 32/33 MP: 6/6
  1560 | D:2      | Slain by an ooze

Illustrated notes

Levels and vault maps discovered:
D:1:      eino_arrival_water_cross, layout_basic, serial_bayou_pond_b
D:2:      cheibrodos_fertilizer, layout_basic, skrybe_limestone_x, uniq_robin

Skill      XL: |  1  2  3 |
---------------+----------+-----
Fighting       | 3 |  3.1
Polearms       | 3 |  3.1
Throwing       | |  0.8
Armour         | |  0.7
Dodging        | |  1.5
Spellcasting   | |  2.0
Translocations | |  3.0

Action                   || total
-------------------------++-------
Melee: Spear             ||   151
 Abil: Spit Poison       ||     2
  Use: Potion            ||     1
 Stab: Sleeping          ||     1
  Eat: Chunk             ||     1
Armor: Leather armour    ||    30
Dodge: Dodged            ||    68
